 Dungeon Crawl Stone Soup version 0.29-a0-378-gc08b2e8bf8 (webtiles) character file.

Game seed: 8148177430252623789

76 spaghetti the Covert (level 4, 5/41 HPs)
             Began as a Gnoll Delver on May 4, 2022.
             Quit the game on level 6 of the Dungeon.
             The game lasted 00:00:57 (487 turns).

spaghetti the Covert (Gnoll Delver)                  Turns: 487, Time: 00:00:58

Health: 5/41       AC:  3    Str: 12    XL:     4   Next: 32%
Magic:  5/5        EV: 13    Int:  9    God:
Gold:   17         SH:  0    Dex: 15    Spells: 5/5 levels left

rFire   . . .      SeeInvis .   a - +0 short sword {short}
rCold   . . .      Faith    .   (no shield)
rNeg    . . .      Spirit   .   b - +0 leather armour
rPois   .          Reflect  .   (no helmet)
rElec   .          Harm     .   (no cloak)
rCorr   .          Rampage  .   (no gloves)
Will    .....                   (no boots)
Stlth   ++++......              (no amulet)
HPRegen 0.13/turn               (no ring)
MPRegen 0.09/turn               (no ring)

@: lethally poisoned (5 -> -9), invisible
A: fangs 1, strong nose, distributed training
a: no special abilities


You were on level 6 of the Dungeon.
You visited 1 branch of the dungeon, and saw 3 of its levels.

You collected 17 gold pieces.


Innate Abilities, Weirdness & Mutations

You have very sharp teeth.
Your uncanny sense of smell can sniff out nearby items.
Your experience applies equally to all skills.


   Skills:
 + Level 6.6 Fighting
 + Level 4.6 Short Blades
 + Level 1.1 Long Blades
 + Level 1.1 Axes
 + Level 1.1 Maces & Flails
 + Level 1.1 Polearms
 + Level 1.1 Staves
 + Level 1.1 Slings
 + Level 1.1 Bows
 + Level 1.1 Crossbows
 + Level 1.1 Throwing
 + Level 1.1 Armour
 + Level 4.6 Dodging
 + Level 9.6 Stealth
 + Level 1.1 Shields
 + Level 1.1 Unarmed Combat
 + Level 1.1 Spellcasting
 + Level 0.8 Conjurations
 + Level 0.8 Hexes
 + Level 0.8 Summonings
 + Level 0.8 Necromancy
 + Level 0.8 Translocations
 + Level 0.8 Transmutations
 + Level 0.8 Fire Magic
 + Level 0.8 Ice Magic
 + Level 0.8 Air Magic
 + Level 0.8 Earth Magic
 + Level 0.8 Poison Magic
 + Level 1.2 Invocations
 + Level 1.1 Evocations


You had 5 spell levels left.
You didn't know any spells.
Your spell library was empty.

Inventory:

Hand Weapons
 a - a +0 short sword (weapon) {short}
Missiles
 h - 3 boomerangs (quivered) {throwing}
 i - 18 stones {throwing}
Armour
 b - a +0 leather armour (worn)
Wands
 g - a wand of digging (3)
Scrolls
 c - a scroll of fog
 d - a scroll of magic mapping {!r}
 k - a scroll of poison {unknown}
Potions
 f - 2 potions of haste {@q3}

Dungeon Overview and Level Annotations

Branches:
Dungeon (6/15)
 Temple: D:4-7

Altars:

######## #..?...#
#######......#####
#...............$.
#.....#......≈≈..
#...S@.......≈≈≈#
#######......#≈
#......# #......##
#..###...#
#...##.....# ####
#.....#
###########
#.....#
#.........###
#.....#


You could see a water moccasin (can't see you, fleeing).


Message History

Your Crossbows skill increases to level 1!
Your Throwing skill increases to level 1!
Your Armour skill increases to level 1!
Your Shields skill increases to level 1!
Your Unarmed Combat skill increases to level 1!
Your Spellcasting skill increases to level 1!
Your Evocations skill increases to level 1!
You have reached level 4!
You feel stronger. 😮 HP[+5]
You now have 41 max hp (+6).
You regained 5 hp, and now have 30/41 hp.
An ogre comes into view.
It is wielding a +0 giant club. 😕 HP[+1]
There is a stone staircase leading down here. 😕 MP[+1]
You climb downwards.
Found a fuming yellow potion.
Found an escape hatch in the floor.
There is a stone staircase leading up here.
Unknown command.
Unknown command.
j - a fuming yellow potion 😎 HP[+10] MP[+2]
Your hp is fully restored (41).
Your mp is fully restored (5).
Found a stone staircase leading up.
There is a stone staircase leading up here.
Found an escape hatch in the ceiling.
k - a scroll labelled NEOCAIZOLE
f - 2 potions of haste {@q3} (gained 1)
There is an escape hatch in the ceiling here.
You now have 17 gold pieces (gained 8).
A water moccasin comes into view.
You see here 6 gold pieces.
You closely miss the water moccasin. You bite the water moccasin.
The water moccasin bites you but does no damage.
Unknown command.
Okay, then.
It was a potion of invisibility.
You fade into invisibility!
The water moccasin barely misses you.
Unknown command.
You barely miss the water moccasin. The water moccasin bites you!
The water moccasin closely misses you. 😕 HP[-8]
You take 8 damage, and now have 33/41 hp.
You strike the helpless water moccasin from behind!
You impale the water moccasin!! The water moccasin bites you. 😕 HP[-2]
You take 2 damage, and now have 31/41 hp.
Unknown command.
You barely miss the water moccasin. The water moccasin closely misses you.
You hit the water moccasin but do no damage.
The water moccasin bites you.
You are poisoned.
The water moccasin poisons you! 😮 HP[-1]
You take 1 damage, and now have 30/41 hp.
Unknown command.
You barely miss the water moccasin.
You feel very sick. The water moccasin bites you.
You are lethally poisoned!
The water moccasin poisons you! 😮 HP[-8]
You take 8 damage, and now have 22/41 hp.
Unknown command.
You barely miss the water moccasin.
* * * LOW HITPOINT WARNING * * *
You feel very sick. The water moccasin misses you. 😨 HP[-5]
You take 5 damage, and now have 17/41 hp.
Unknown command.
Unknown command.
You miss the water moccasin. Your bite misses the water moccasin.
* * * LOW HITPOINT WARNING * * *
You feel very sick.
The water moccasin barely misses you. 😨 HP[-4]
You take 4 damage, and now have 13/41 hp.
You hit the water moccasin.
* * * LOW HITPOINT WARNING * * *
You feel very sick. The water moccasin barely misses you.
The water moccasin closely misses you. 😱 HP[-4]
You take 4 damage, and now have 9/41 hp.
Unknown command.
Okay, then.
Okay, then.
As you read the scroll of fear, it crumbles to dust.
You assume a fearsome visage.
The water moccasin looks frightened!
* * * LOW HITPOINT WARNING * * *
You feel very sick.
The water moccasin closely misses you. 😱 HP[-4]
You take 4 damage, and now have 5/41 hp.
You are lethally poisoned (5 -> -9).
You are invisible.
Your movement speed is average.
Your attack delay is about 0.8.
Are you sure you want to abandon this character and quit the game? (Confirm with "yes".)

Skill      XL: |  1  2  3 |
---------------+----------+-----
Stealth        | |  9.6
Invocations    | 1 |  1.2
Long Blades    | 1 |  1.1
Axes           | 1 |  1.1
Maces & Flails | 1 |  1.1
Polearms       | 1 |  1.1
Staves         | 1 |  1.1
Slings         | 1 |  1.1
Bows           | 1 |  1.1
Crossbows      | 1 |  1.1
Throwing       | 1 |  1.1
Armour         | 1 |  1.1
Shields        | 1 |  1.1
Unarmed Combat | 1 |  1.1
Spellcasting   | 1 |  1.1
Evocations     | 1 |  1.1
Fighting       | |  6.6
Short Blades   | |  4.6
Dodging        | |  4.6
Conjurations   | |  0.8
Hexes          | |  0.8
Summonings     | |  0.8
Necromancy     | |  0.8
Translocations | |  0.8
Transmutations | |  0.8
Fire Magic     | |  0.8
Ice Magic      | |  0.8
Air Magic      | |  0.8
Earth Magic    | |  0.8
Poison Magic   | |  0.8

Action                   |  1- 3 |  4- 6 || total
-------------------------+-------+-------++-------
Melee: Short sword       |    20 |     9 ||    29
       Bite              |     2 |     1 ||     3
       Punch             |     1 |       ||     1
Throw: Boomerang         |     3 |       ||     3
  Use: Scroll            |       |     1 ||     1
       Potion            |       |     1 ||     1
 Stab: Sleeping          |     1 |       ||     1
       Invisible         |       |     1 ||     1
Armor: Leather armour    |     4 |     1 ||     5
Dodge: Dodged            |    14 |     8 ||    22

Levels and vault maps discovered:
D:4:      layout_gridville, sigmund_edmund_badplayer
D:5:      layout_layer_cave, cheibrodos_sewer_entry_sluice, serial_shops,
          nicolae_shop_temple_entry_statues_fountains, uniq_duvessa
D:6:      layout_rooms, grunt_ministairs_5, hangedman_decor_points,
          kennysheep_opposing_triangles, uniq_edmund

Notes
Turn   | Place    | Note
-------+----------+-------------------------------------------
     0 | D:5      | Reached skill level 9 in Stealth
     0 | D:5      | spaghetti the Gnoll Delver began the quest for the Orb.
     0 | D:5      | Reached XP level 1. HP: 23/23 MP: 1/1
     0 | D:5      | magus.rc [v1.9.6]
    10 | D:5      | Reached XP level 2. HP: 29/29 MP: 2/2
   326 | D:5      | Reached skill level 1 in Invocations
   326 | D:5      | Reached XP level 3. HP: 35/35 MP: 2/4
   333 | D:5      | Reached skill level 1 in Long Blades
   333 | D:5      | Reached skill level 1 in Axes
   333 | D:5      | Reached skill level 1 in Maces & Flails
   333 | D:5      | Reached skill level 1 in Polearms
   333 | D:5      | Reached skill level 1 in Staves
   333 | D:5      | Reached skill level 1 in Slings
   333 | D:5      | Reached skill level 1 in Bows
   333 | D:5      | Reached skill level 1 in Crossbows
   333 | D:5      | Reached skill level 1 in Throwing
   333 | D:5      | Reached skill level 1 in Armour
   333 | D:5      | Reached skill level 1 in Shields
   333 | D:5      | Reached skill level 1 in Unarmed Combat
   333 | D:5      | Reached skill level 1 in Spellcasting
   333 | D:5      | Reached skill level 1 in Evocations
   333 | D:5      | Reached XP level 4. HP: 30/41 MP: 2/5
   335 | D:5      | Noticed an ogre
   472 | D:6      | Noticed a water moccasin
   485 | D:6      | HP: 9/41 [poisoned by a water moccasin]
   487 | D:6      | Quit the game

Vanquished Creatures
  2 hounds (D:5)
  An adder (D:5)
  3 orcs (D:5)
6 creatures vanquished.

Table legend:
 A = Non-vault XP
 B = Vault XP
 C = Vault XP percentage of total XP
 D = Non-vault monster count
 E = Vault monster count
 F = Vault count percentage of total count
                 A         B        C        D         E       F
            +---------+---------+-------+---------+---------+-------
      Total |     109 |       0 |   0.0 |       6 |       0 |   0.0
            +---------+---------+-------+---------+---------+-------
        D:5 |     109 |       0 |   0.0 |       6 |       0 |   0.0
            +---------+---------+-------+---------+---------+-------

Illustrated notes

Table legend:
 A = Kills in this place as a percentage of kills in entire the game.
 B = Kills by you in this place as a percentage of kills by you in the entire game.
 C = Kills by friends in this place as a percentage of kills by friends in the entire game.
 D = Other kills in this place as a percentage of other kills in the entire game.
 E = Experience gained in this place as a percentage of experience gained in the entire game.
 F = Experience gained in this place divided by the number of levels of this place that you have seen.
                   A       B       C       D       E      F
               +-------+-------+-------+-------+-------+----------------------
         Total | 100.0 | 100.0 |   N/A |   N/A | 100.0 |  36.3
       Dungeon | 100.0 | 100.0 |   N/A |   N/A | 100.0 |  36.3
               +-------+-------+-------+-------+-------+----------------------

Table legend: (Time is in decaauts)
 A = Elapsed time spent in this place.
 B = Non-inter-level travel time spent in this place.
 C = Inter-level travel time spent in this place.
 D = Time resting spent in this place.
 E = Time spent auto-exploring this place.
 F = Levels seen in this place.
 G = Mean time per level.
                   A        B        C        D        E       F      G
               +--------+--------+--------+--------+--------+-----+--------+
         Total |    484 |    484 |      0 |    175 |    240 |   3 |  161.3 |
       Dungeon |    484 |    484 |      0 |    175 |    240 |   3 |  161.3 |
               +--------+--------+--------+--------+--------+-----+--------+

Top non-repeatable levels by time:
     D:5: 336 daAuts
     D:6: 146 daAuts
     D:4: 1 daAuts
